 Dungeon Crawl Stone Soup version 0.23-a0-208-gb6b040f (webtiles) character file.

17384 Felrender the Blocker (level 12, 0/103 HPs)
             Began as a Hill Orc Fighter on Sept 25, 2018.
             Was an Elder of Trog.
             Slain by an orange demon (5 damage)
             ... summoned by an orc high priest
             ... on level 2 of the Orcish Mines.
             The game lasted 00:29:10 (8304 turns).

Felrender the Blocker (Hill Orc Fighter)            Turns: 8304, Time: 00:29:11

Health: 0/103      AC: 21    Str: 29    XL:     12   Next: 47%
Magic:  12/12      EV:  8    Int:  8    God:    Trog [****..]
Gold:   1019       SH: 13    Dex:  6    Spells: 11/11 levels left

rFire    . . .     SeeInvis .   q - +11 double sword of Absolution {distort, +Rage rPois rN++ Dex-4}
rCold    . . .     Gourm    .   c - +0 shield
rNeg     + + .     Faith    .   v - +1 plate armour
rPois    +         Spirit   .   g - +2 hat
rElec    .         Reflect  .   d - +0 cloak
rCorr    .         Harm     .   (no gloves)
MR       ++...                  l - +1 pair of boots
Stlth    ..........             (no amulet)
HPRegen  1.27/turn              p - +5 ring of strength
MPRegen  0.13/turn              (no ring)

@: berserk cooldown, regenerating, slowed, very slow
A: no striking features
a: Berserk, Trog's Hand, Brothers in Arms, Renounce Religion, Convert to Beogh,
Evoke Berserk Rage


You were on level 2 of the Orcish Mines.
You worshipped Trog.
Trog was greatly pleased with you.
You were not hungry.

You visited 3 branches of the dungeon, and saw 12 of its levels.

You collected 1379 gold pieces.
You spent 360 gold pieces at shops.

Inventory:

Hand Weapons
 a - a +3 long sword
 i - a +2 spear of venom
 q - the +11 double sword of Absolution (weapon) {distort, +Rage rPois rN++ Dex-4}
   (You acquired it on level 7 of the Dungeon)

   It warps and distorts space around it.
   Unwielding it can cause banishment or high damage.
   It affects your dexterity (-4).
   It protects you from poison.
   It greatly protects you from negative energy.
   It lets you go berserk.
 x - a +2 vampiric glaive
Armour
 c - a +0 shield (worn)
 d - a +0 cloak (worn)
 g - a +2 hat (worn)
 l - a +1 pair of boots (worn)
 r - a +0 helmet
 v - a +1 plate armour (worn)
Jewellery
 p - a +5 ring of strength (left hand)
Wands
 h - a wand of scattershot (8)
 j - a wand of polymorph (9)
 w - a wand of flame (35)
Scrolls
 e - 3 scrolls of teleportation
 o - 2 scrolls of remove curse
 s - a scroll of blinking
 t - a scroll of fog
Potions
 b - a potion of berserk rage
 k - 2 potions of brilliance
 m - a potion of resistance
 n - 2 potions of flight
 z - a potion of curing
Comestibles
 f - 21 rations


   Skills:
 + Level 8.9 Fighting
 + Level 12.3 Long Blades
 * Level 10.5 Armour
 + Level 3.1 Dodging
 + Level 0.3 Stealth
 * Level 12.7 Shields
 + Level 1.1 Unarmed Combat


You had 11 spell levels left.
You didn't know any spells.
Your spell library contained the following spells:

 Spells                   Type           Power        Failure   Level  Hunger
 Magic Dart               Conj           #...         99%         1    ##.....
 Blink                    Tloc           N/A          100%        2    ###....
 Call Imp                 Summ           #.......     100%        2    ###....
 Slow                     Hex            #.......     100%        2    ###....
 Conjure Flame            Conj/Fire      #.......     100%        3    ####...
 Mephitic Cloud           Conj/Pois/Air  #.......     100%        3    ####...


Dungeon Overview and Level Annotations

Branches:
Dungeon (9/15)             Temple (1/1) D:6             Orc (2/2) D:9
    Elf (0/3) Orc:2
   Lair: D:8-11

Altars:
Ashenzari
Cheibriados
Dithmenos
Elyvilon
Fedhas
Gozag
Hepliaklqana
Kikubaaqudgha
Makhleb
Nemelex Xobeh
Okawaru
Qazlal
Ru
Sif Muna
Trog
Uskayaw
Vehumet
Wu Jian
Xom
Yredelemnul
Zin
The Shining One

Shops:
D:9 (   Orc:2 !*

Annotations:
Abyss:1 Joseph


Message History

Space bends around the orange demon.
The orange demon is heavily wounded.
You block the orange demon's attack.
The orc high priest hits you but does no damage.
The sixfirhy completely misses you.
Your skin crawls.
You feel resistant to hostile enchantments.
You feel somewhat more hungry.
You are covered in liquid flames!
* * * LOW HITPOINT WARNING * * *
The sixfirhy hits you but does no damage. x3
You block the sixfirhy's attack. You block the orange demon's attack.
The orange demon hits you but does no damage.
The orc high priest hits you with a flail.
* * * LOW HITPOINT WARNING * * *
Your ogre goes berserk!
You feel somewhat more hungry. Trog will no longer gift you weapons.
The orange demon stings you.
You die...

............###.)##....#....##))#
...........###.)###...###...###)÷
..........###))###...## ##...###.
..........##))###.43## ##...###
............)###3oo## ##...##
..........).###...## #...#
...........###O#.## #.#.
..........###3.3## #..
...........###§#@##
............###o4)##
......)......###..)#
..............###)..#
...............###...#
................###....
.................###.#..
..................###.....
.........#.........###...#


You could see an orc high priest, an orange demon, a sixfirhy, a smoke demon and
a friendly ogre (berserk).

Vanquished Creatures
  Gastronok (D:9)
  An orc warlord (Orc:2)
  Harold (D:7)
  A centaur warrior (D:6)
  2 two-headed ogres
  An orc high priest (Orc:2)
  An orc knight (Orc:2)
  The ghost of blexxed the Geomancer, a novice GrEE of Vehumet (D:6)
  Maurice (D:8)
  A queen bee (D:9)
  3 trolls
  Prince Ribbit (D:7)
  A hippogriff (D:8)
  A chaos spawn (Orc:2)
  2 hungry ghosts (D:9)
  6 wargs
  20 orc warriors
  6 ice beasts
  A sky beast (D:6)
  2 phantoms
  6 ogres
  2 centaurs
  2 big kobolds (D:9)
  A bullfrog (D:7)
  A gnoll sergeant (D:6)
  A jelly (D:9)
  16 killer bees (D:9)
  A troll zombie (D:9)
  A howler monkey (D:9)
  A crimson imp (D:6)
  A quasit (D:9)
  5 hounds
  10 orc wizards
  2 gnoll shamans
  18 orc priests
  Crazy Yiuf (D:5)
  4 iguanas
  7 worker ants
  6 ogre zombies (D:9)
  2 hound skeletons
  A hound zombie (D:7)
  18 gnolls
  A howler monkey skeleton (D:6)
  9 adders
  A shadow imp (D:9)
  2 oozes
  2 adder zombies (D:6)
  3 worms
  A dart slug (D:1)
  4 leopard geckos
  40 orcs
  2 ball pythons (D:1)
  7 bats
  4 giant cockroaches
  3 goblins
  3 hobgoblins
  13 jackals
  2 quokkas
  7 frilled lizards
  2 goblin zombies (D:9)
  A hobgoblin skeleton (D:9)
  2 hobgoblin zombies (D:9)
  17 kobolds
  2 orc skeletons (D:9)
  18 orc zombies (D:9)
  5 rats
312 creatures vanquished.

Vanquished Creatures (collateral kills)
  An orc warrior (Orc:2)
  3 orc priests (Orc:2)
  An orc (Orc:2)
5 creatures vanquished.

Vanquished Creatures (others)
  A sixfirhy (Orc:2)
  An orc knight (Orc:2)
  An orc sorcerer (Orc:2)
  An orc warrior (Orc:2)
  2 killer bees (D:9)
  An orc wizard (Orc:2)
  A worker ant (D:8)
  An ogre zombie (D:9)
9 creatures vanquished.

Grand Total: 326 creatures vanquished

Notes
Turn   | Place    | Note
-------+----------+-------------------------------------------
     0 | D:1      | Felrender the Hill Orc Fighter began the quest for the Orb.
     0 | D:1      | Reached XP level 1. HP: 19/19 MP: 1/1
    60 | D:1      | Found a sparkling altar of Nemelex Xobeh.
   109 | D:1      | Reached XP level 2. HP: 17/27 MP: 2/2
  1140 | D:2      | Reached XP level 3. HP: 33/33 MP: 3/3
  1365 | D:2      | Reached XP level 4. HP: 31/40 MP: 4/4
  2063 | D:3      | Reached XP level 5. HP: 37/46 MP: 5/5
  2572 | D:4      | Noticed an ogre
  2585 | D:4      | Killed an ogre
  2585 | D:4      | Reached skill level 5 in Armour
  2585 | D:4      | Reached XP level 6. HP: 52/52 MP: 6/6
  2596 | D:4      | Reached skill level 5 in Shields
  2880 | D:5      | Entered Level 5 of the Dungeon
  3005 | D:5      | Noticed an ice beast
  3014 | D:5      | Killed an ice beast
  3061 | D:5      | Noticed an ice beast
  3070 | D:5      | Killed an ice beast
  3070 | D:5      | Reached skill level 1 in Dodging
  3070 | D:5      | Reached XP level 7. HP: 58/60 MP: 7/7
  3250 | D:5      | Found a runed door.
  3254 | D:5      | Noticed Crazy Yiuf
  3261 | D:5      | Killed Crazy Yiuf
  3676 | D:6      | Found a staircase to the Ecumenical Temple.
  3729 | Temple   | Entered the Ecumenical Temple
  3814 | Temple   | Became a worshipper of Trog the Wrathful
  3936 | D:6      | Found a runed gate.
  3936 | D:6      | Found a runed gate.
  3938 | D:6      | Found a runed gate.
  3939 | D:6      | Noticed a centaur warrior
  3943 | D:6      | Noticed blexxed's ghost (novice GrEE)
  3967 | D:6      | Reached skill level 5 in Long Blades
  3985 | D:6      | Killed a centaur warrior
  3985 | D:6      | Reached skill level 5 in Fighting
  3985 | D:6      | Reached XP level 8. HP: 68/68 MP: 8/8
  4009 | D:6      | Killed blexxed's ghost
  4009 | D:6      | Reached XP level 9. HP: 47/75 MP: 9/9
  4187 | D:6      | Reached * piety under Trog
  4624 | D:7      | Identified a scroll of acquirement
  4625 | D:7      | Got a transparent double sword
  4626 | D:7      | Identified the +11 double sword of Absolution {distort,
                  | +Rage rPois rN++ Dex-4} (You acquired it on level 7 of the
                  | Dungeon)
  4634 | D:7      | Noticed Harold
  4648 | D:7      | Killed Harold
  4658 | D:7      | Reached XP level 10. HP: 52/83 MP: 10/10
  4687 | D:7      | Noticed Joseph
  4689 | D:7      | Noticed Prince Ribbit
  4710 | D:7      | Banished Joseph
  4732 | D:7      | Killed Prince Ribbit
  4937 | D:7      | Reached ** piety under Trog
  5346 | D:8      | Noticed Maurice
  5383 | D:8      | Killed Maurice
  5584 | D:8      | Reached skill level 10 in Long Blades
  5614 | D:8      | Reached skill level 1 in Unarmed Combat
  5869 | D:9      | Reached *** piety under Trog
  5886 | D:9      | Found a staircase to the Orcish Mines.
  6030 | D:9      | Reached skill level 10 in Shields
  6058 | D:9      | Reached XP level 11. HP: 88/92 MP: 11/11
  6151 | D:9      | Noticed Gastronok
  6168 | D:9      | Killed Gastronok
  6262 | D:9      | Reached **** piety under Trog
  6407 | D:9      | Noticed a two-headed ogre
  6414 | D:9      | Killed a two-headed ogre
  6441 | D:9      | Found a snail-covered altar of Cheibriados.
  6497 | D:9      | Found a glowing golden altar of the Shining One.
  6613 | D:9      | Found Daex's Weapon Boutique.
  6756 | Orc:1    | Entered Level 1 of the Orcish Mines
  6805 | Orc:1    | Noticed a two-headed ogre
  6811 | Orc:1    | Killed a two-headed ogre
  7070 | Orc:2    | Entered Level 2 of the Orcish Mines
  7070 | Orc:2    | Noticed an orc high priest
  7083 | Orc:2    | Killed an orc high priest
  7212 | Orc:2    | Noticed an orc knight
  7215 | Orc:2    | Found Funiluipic's General Store.
  7220 | Orc:2    | Found Cauxziy's Distillery.
  7224 | Orc:2    | Noticed a sixfirhy
  7236 | Orc:2    | Banished an orc knight
  7236 | Orc:2    | Reached skill level 10 in Armour
  7237 | Orc:2    | Banished a sixfirhy
  7238 | Orc:2    | Reached XP level 12. HP: 49/103 MP: 12/12
  7382 | Orc:2    | Bought a potion of resistance for 120 gold pieces
  7382 | Orc:2    | Bought a potion of heal wounds for 60 gold pieces
  7382 | Orc:2    | Bought a potion of heal wounds for 60 gold pieces
  7382 | Orc:2    | Bought 2 potions of heal wounds for 120 gold pieces
  7517 | Orc:2    | Paralysed by an orc sorcerer for 4 turns
  7522 | Orc:2    | Noticed a sun demon
  7527 | Orc:2    | Noticed an orc warlord
  7610 | Orc:2    | Killed an orc warlord
  7922 | Orc:2    | Found a staircase to the Elven Halls.
  8035 | Orc:2    | Reached ***** piety under Trog
  8259 | Orc:2    | Noticed an orc high priest
  8262 | Orc:2    | Noticed an orc high priest
  8263 | Orc:2    | Noticed an orc high priest
  8293 | Orc:2    | Noticed an orc high priest
  8300 | Orc:2    | Noticed a sun demon
  8303 | Orc:2    | HP: 4/103 [burnt (3)]
  8304 | Orc:2    | Slain by an orange demon

Vault maps used:
D:1:      scummos_arrival_star, nemelex_xobeh_ov_fountains_minmay
D:2:      first_ration, mrwooster_statue_mirror
D:5:      uniq_crazy_yiuf_cottage
D:6:      minmay_temple_entry_overgrown, gammafunk_ghost_split,
          kennysheep_generic_room_14
D:7:      lemuel_ice_spiral_2, uniq_prince_ribbit1, uniq_joseph, uniq_harold
D:8:      uniq_maurice
D:9:      cheibriados_altar_1, zombieorc2_lemuel, serial_shops, shop,
          david_nohive_1, nicolae_tso_carved_into_rock, uniq_psyche,
          uniq_gastronok
Temple:   dpeg_three_leaves_temple
Orc:2:    pf_orc_diabolical

Skill      XL: |  1  2  3  4  5  6  7  8  9 10 11 12 |
---------------+-------------------------------------+-----
Fighting       | 4 5 6 7 8 |  8.9
Armour         | 4 5 6 7 8 10 | 10.5
Shields        | 4 5 7 8 10 11 12 | 12.7
Long Blades    | 3 4 6 7 8 10 11 12 | 12.3
Dodging        | 1 2 3 |  3.1
Unarmed Combat | 1 |  1.1
Stealth        | |  0.3

Action                   |  1- 3 |  4- 6 |  7- 9 | 10-12 || total
-------------------------+-------+-------+-------+-------++-------
Melee: Long sword        |    82 |   136 |   186 |       ||   404
       Double sword      |       |       |    17 |   424 ||   441
       Unarmed           |       |       |       |    25 ||    25
Invok: Berserk           |       |       |     1 |     9 ||    10
       Trog's Hand       |       |       |       |     6 ||     6
       Brothers in Arms  |       |       |       |     2 ||     2
  Use: Scroll            |     9 |    11 |     8 |     6 ||    34
       Potion            |       |     3 |     5 |    12 ||    20
 Stab: Invisible         |       |       |       |     2 ||     2
  Eat: Ration            |     1 |     1 |       |     4 ||     6
       Chunk             |       |     3 |     4 |    11 ||    18
Armor: Scale mail        |    17 |       |       |       ||    17
       Chain mail        |    20 |    83 |    61 |    19 ||   183
       Skin              |       |    21 |    24 |     5 ||    50
       Plate armour      |       |       |       |   257 ||   257
Dodge: Dodged            |    20 |    36 |    40 |   164 ||   260
Block: Shield            |    53 |    98 |    98 |   368 ||   617
       Rpst.: Long sword |     3 |    15 |     4 |       ||    22
       Double sword      |       |       |     3 |    48 ||    51

Table legend:
 A = Non-vault XP
 B = Vault XP
 C = Vault XP percentage of total XP
 D = Non-vault monster count
 E = Vault monster count
 F = Vault count percentage of total count
                 A         B        C        D         E       F
            +---------+---------+-------+---------+---------+-------
      Total |   12747 |   12088 |  48.7 |     217 |     110 |  33.6
            +---------+---------+-------+---------+---------+-------
        D:1 |      33 |       0 |   0.0 |      16 |       0 |   0.0
        D:2 |     102 |       0 |   0.0 |      29 |       0 |   0.0
        D:3 |      58 |       0 |   0.0 |       9 |       0 |   0.0
        D:4 |     224 |       0 |   0.0 |      15 |       0 |   0.0
        D:5 |     372 |      39 |   9.5 |       6 |       1 |  14.3
        D:6 |     871 |    1836 |  67.8 |      28 |       8 |  22.2
        D:7 |    1023 |    1669 |  62.0 |      21 |       3 |  12.5
        D:8 |    1005 |     469 |  31.8 |      23 |       1 |   4.2
        D:9 |    2357 |    3944 |  62.6 |      33 |      52 |  61.2
      Orc:1 |    1350 |       0 |   0.0 |       4 |       0 |   0.0
      Orc:2 |    5352 |    4131 |  43.6 |      33 |      45 |  57.7
            +---------+---------+-------+---------+---------+-------
